Description

Terran BUILD - 6:30min Push - Stim&Combat&+1Attack

Build Order

Get SALT Encoding   

  12  0:01  SCV  
  13  0:10  SCV  
  14  0:18  Supply Depot  
  14  0:23  SCV  
  15  0:29  Refinery  
  15  0:34  SCV  
  16  0:46  Barracks  
  17  0:47  SCV  
  18  1:00  SCV  
  19  1:32  Marine, Orbital Command  
  20  1:45  Command Center  
  20  1:52  Barracks Reactor  
  20  1:58  Factory  
  20  2:00  SCV  
  21  2:09  Supply Depot  
  22  2:15  Refinery  
  22  2:17  SCV  
  23  2:30  Marine x2  
  25  2:35  SCV  
  26  2:40  SCV  
  27  2:45  Widow Mine x2  
  28  2:44  Supply Depot  
  28  2:45  Starport  
  28  2:50  Marine x2  
  31  3:10  Orbital Command  
  36  3:20  Viking  
  39  3:30  Barracks x2  
  39  3:45  Factory Tech Lab  
  39  3:46  Starport Tech Lab  
  41  3:30  Supply Depot  
  41  3:52  Engineering Bay  
  45  4:09  Factory Reactor, Starport Reactor  
  50  4:24  Stimpack, Terran Infantry Weapons Level 1  
  53  4:34  Combat Shields  
Spawning Tool Build Advisor. Get it on Overwolf

Go to:

Details

  • Created by: Pathfinder
  • Published on: May 21, 2017
  • Modified on: May 21, 2017
  • Patch: 3.8.0
Show
View Real Time Build Order
Export as new Build Order

Comments (3)

On June 16, 2017, 11:50 a.m., Kojak  said:

This build is great. Very very safe and the push is really strong.

On June 11, 2017, 4:18 a.m., Feluto  said:

why viking instead of medivac?

On June 1, 2017, 8:33 a.m., Ryu  said:

This build doesn't get medivacs >_>... Stimming your army will kill it lol. There is a stronger variation of this build the 3rax opener. Polt did it a lot in TvP and while he may be retired the build is still reputable and still good. With this build though your attack is just weak. You do get an early upgrade which I guess can surprise low level protoss players but apart from that this build is risky and inefficient.

Create an account to comment!